 Dungeon Crawl Stone Soup version 0.25-a0-663-gace7076f2c (webtiles) character file.

Game seed: 2702626493489523430, levelgen mode: deterministic

56203 sanka the Fighter (level 14, -1/120 HPs)
             Began as a Barachi Ice Elementalist on Mar 24, 2020.
             Was a High Priest of Vehumet.
             Slain by a six-headed hydra (8 damage)
             ... on level 6 of the Lair of Beasts on Mar 25, 2020.
             The game lasted 00:58:44 (20220 turns).

sanka the Fighter (Barachi Ice Elementalist)       Turns: 20220, Time: 00:58:44

Health: -1/120     AC: 19    Str: 10    XL:     14   Next: 80%
Magic:  13/27      EV: 20    Int: 20    God:    Vehumet [*****.]
Gold:   890        SH:  0    Dex: 13    Spells: 10/31 levels left

rFire    + . .     SeeInvis .   a - +5 lajatang (flame)
rCold    . . .     Gourm    .   (shield currently unavailable)
rNeg     . . .     Faith    .   C - +2 leather armour {rF+}
rPois    .         Spirit   .   Z - +2 helmet
rElec    .         Reflect  .   B - +0 cloak
rCorr    .         Harm     .   R - +1 pair of gloves
MR       +....                  K - +0 pair of boots
Stlth    ++........             (no amulet)
HPRegen  0.30/turn              g - ring of wizardry
MPRegen  0.20/turn              L - +2 ring of slaying

@: icy armour, slow
A: +LOS, swims, slowness 1, strong legs 2
a: Hop, Renounce Religion


You were on level 6 of the Lair of Beasts.
You worshipped Vehumet.
Vehumet was extremely pleased with you.
You were not hungry.

You visited 3 branches of the dungeon, and saw 18 of its levels.

You collected 890 gold pieces.


Innate Abilities, Weirdness & Mutations

You can be seen from farther away. (+LOS)
You can swim through water.
You cover ground slowly.
You can hop long distances.


   Skills:
 - Level 14.0 Fighting
 * Level 6.9 Staves
 - Level 14.0 Dodging
 - Level 1.7 Stealth
   Level 4.0 Shields
 + Level 9.1 Spellcasting
 - Level 5.0 Conjurations
 - Level 5.0 Summonings
 * Level 13.9 Ice Magic
 - Level 5.0 Air Magic
 + Level 5.3 Evocations


You had 10 spell levels left.
You knew the following spells:

 Your Spells              Type           Power        Failure   Level  Hunger
a - Ozocubu's Armour      Chrm/Ice       #####...     1%          3    None
u - Hailstorm             Conj/Ice       #####...     1%          4    ###....
x - Summon Ice Beast      Ice/Summ       #####...     1%          4    ###....
y - Frozen Ramparts       Ice            ######       1%          3    None
z - Freeze                Ice            ####         1%          1    None
X - Freezing Cloud        Conj/Ice/Air   #####.....   7%          6    ######.

Your spell library contained the following spells:

 Spells                   Type           Power        Failure   Level  Hunger
 Ozocubu's Refrigeration  Ice            ######....   1%          6    ######.
 Summon Butterflies       Summ           ####....     1%          1    None
 Summon Small Mammal      Summ           ####         1%          1    None
 Static Discharge         Conj/Air       ####....     1%          3    None
 Apportation              Tloc           #.....       4%          1    None
 Infusion                 Chrm           #...         4%          1    None
 Lightning Bolt           Conj/Air       ####......   4%          5    #####..
 Shroud of Golubria       Chrm/Tloc      #.....       6%          2    None
 Slow                     Hex            #.......     6%          2    None
 Song of Slaying          Chrm           #.......     6%          2    None
 Confusing Touch          Hex            #.......     12%         3    None
 Lesser Beckoning         Tloc           #.........   12%         3    None
 Spectral Weapon          Hex/Chrm       #.......     12%         3    None
 Tukima's Dance           Hex            #.......     12%         3    None
 Aura of Abjuration       Summ           ####......   16%         5    #####..
 Summon Demon             Summ           ####......   16%         5    #####..
 Lee's Rapid Deconstruct  Erth           #.........   28%         5    #####..
 Iron Shot                Conj/Erth      ###.......   45%         6    ######.
 Alistair's Intoxication  Tmut/Pois      #.......     71%         5    #####..
 Invisibility             Hex            #.......     99%         6    ######.
 Ignition                 Fire           #.........   100%        8    #######
 Dragon's Call            Summ           ####......   100%        9    #######
 Shatter                  Erth           #.........   100%        9    #######
 Tornado                  Air            ####......   100%        9    #######

Inventory:

Hand Weapons
 a - a +5 lajatang of flaming (weapon)
 b - the +8 long sword of Reinforcement {pain, +Inv MP-9 Dex+8 Stlth+} In the hands of one skilled in necromantic magic, it inflicts extra damage on living creatures. It affects your dexterity (+8). It affects your magic capacity (-9). It lets you turn invisible. It makes you more stealthy.
Missiles
 d - 493 stones (quivered)
 W - 5 curare-tipped darts {=f}
Armour
 B - a +0 cloak (worn)
 C - a +2 leather armour of fire resistance (worn)
 K - a +0 pair of boots (worn)
 R - a +1 pair of gloves (worn)
 Z - a +2 helmet (worn)
Jewellery
 g - a ring of wizardry (left hand)
 p - a +2 ring of protection
 q - an uncursed ring of ice
 r - an uncursed ring of flight
 x - the ring of Qamad {Fire rN+ Int+8 Slay-5}

   [ring of fire]

   It enhances your fire magic.
   It affects your intelligence (+8).
   It affects your accuracy and damage with ranged weapons and melee attacks
   (-5).
   It protects you from fire.
   It makes you vulnerable to cold.
   It protects you from negative energy.
 F - an uncursed ring of stealth
 G - an uncursed ring of resist corrosion
 I - an uncursed ring of see invisible
 L - a +2 ring of slaying (right hand)
 X - an uncursed ring of protection from magic
Wands
 u - a wand of acid (7)
 w - a wand of random effects (16)
 y - a wand of digging (9)
 H - a wand of clouds (6)
 N - a wand of polymorph (9)
Scrolls
 f - 14 scrolls of remove curse
 j - 5 scrolls of immolation {!r}
 k - 5 scrolls of amnesia
 n - 16 scrolls of teleportation {@r4}
 o - 2 scrolls of magic mapping
 s - 5 scrolls of fear
 t - 4 scrolls of enchant armour
 z - a scroll of blinking
 O - 3 scrolls of fog
 S - a scroll of vulnerability {!r}
Potions
 e - 2 potions of mutation {!q}
 h - a potion of invisibility {unknown}
 i - 14 potions of curing {@q1}
 v - 5 potions of heal wounds {@q2}
 A - 2 potions of cancellation
 D - a potion of might {unknown}
 J - a potion of berserk rage {unknown}
 Q - a potion of resistance
 T - a potion of haste {unknown}
 U - a potion of magic {unknown}
 V - a potion of flight {unknown}
 Y - a potion of stabbing {unknown}
Miscellaneous
 l - a phantom mirror
Comestibles
 c - 31 rations

Dungeon Overview and Level Annotations

Branches:
Dungeon (11/15)            Temple (1/1) D:6            Lair (6/6) D:8
 Shoals (0/4) Lair:2       Spider (0/4) Lair:4        Slime (0/5) Lair:5
    Orc (0/2) D:9

Altars:
Ashenzari
Cheibriados
Dithmenos
Elyvilon
Fedhas
Gozag
Hepliaklqana
Kikubaaqudgha
Makhleb
Nemelex Xobeh
Okawaru
Qazlal
Ru
Sif Muna
Trog
Uskayaw
Vehumet
Wu Jian
Xom
Yredelemnul
Zin
The Shining One

Shops:
D:6 *

Portals:
Ice
Cave: Lair:6

,,,,,,,,...,...,,,░░ ▒...........
░,,,,,,,...▒,∩.▒,,,░ ▒▒........†.
,,,,,,,,........,,,░░▒.▒▒........
░,,,,,,,.....▒..,,,,░▒▒▒▒........
,,,,,,,,..?.....,,░░░ ▒....▒..▒.▒
░,,,,,,,......#.,,░ ▒▒▒...▒▒▒....
░░,,,,,,......hF░░░▒▒....▒▒ ▒▒▒▒.
░,,,,,,......hD▒▒▒▒.....▒░░░░.≈≈
░░,,,,,,......▒F▒....▒▒..▒░,..≈≈
░,,,,,,,,,▒..†Y........f▒░▒.≈≈≈
░,,,,,,░▒..............▒▒ ▒▒.≈≈
░░,,,░░░▒▒▒▒...▒F.......▒░░≈≈≈≈
░░,░░ ▒..............░▒.≈≈ ░░░░
░▒.............▒.░≈≈≈
░░░░░,,░░░░░▒...............▒≈,≈≈
,,,░,,,,░,,..................,≈≈≈
░,,,,,,,,,,....(............,,,,,


You could see a six-headed hydra, a spiny frog, a blink frog, 2 wolves and a
friendly ice beast.


Message History

The wall freezes the spiny frog!
The spiny frog seems to slow down.
Unknown command.
You closely miss the wolf.
The wolf is lightly wounded.
The wall freezes the wolf.
The wolf completely misses you.
The wall freezes the spiny frog.
The spiny frog seems to slow down.
The wall freezes the seven-headed hydra!
The wall freezes the spiny frog!
The spiny frog seems to slow down.
Unknown command.
You chop one of the seven-headed hydra's heads off!
The flame cauterises the wound!
You slash the six-headed hydra! You burn the six-headed hydra.
The six-headed hydra is moderately wounded.
The frozen ramparts melt away.
The blink frog blinks!
The six-headed hydra misses you. The six-headed hydra bites you.
* * * LOW HITPOINT WARNING * * *
The six-headed hydra bites you!
* * * LOW HITPOINT WARNING * * *
The six-headed hydra bites you.
* * * LOW HITPOINT WARNING * * *
The six-headed hydra completely misses you.
The six-headed hydra bites you!
You die...

Action                   |  1- 3 |  4- 6 |  7- 9 | 10-12 | 13-15 || total
-------------------------+-------+-------+-------+-------+-------++-------
Melee: Dagger            |    23 |     6 |    15 |       |       ||    44
       Broad axe         |       |     1 |       |       |       ||     1
       Whip              |       |       |   121 |     7 |       ||   128
       Flail             |       |       |       |   192 |     8 ||   200
       Long sword        |       |       |       |   117 |   110 ||   227
       Lajatang          |       |       |       |       |   291 ||   291
Throw: Stone             |       |     1 |       |     1 |       ||     2
 Cast: Freeze            |    55 |    60 |    80 |   120 |    49 ||   364
       Frozen Ramparts   |       |     8 |    16 |    51 |    54 ||   129
       Ozocubu's Armour  |       |     4 |    15 |    43 |    47 ||   109
       Summon Ice Beast  |       |       |     7 |     8 |    17 ||    32
       Hailstorm         |       |       |     2 |     1 |       ||     3
 Abil: Hop               |       |     1 |     1 |       |     2 ||     4
Evoke: Wand              |       |       |       |       |     1 ||     1
  Use: Scroll            |       |       |       |    13 |    13 ||    26
 Stab: Sleeping          |       |       |     3 |     3 |     3 ||     9
  Eat: Chunk             |     2 |     7 |    14 |    29 |    22 ||    74
       Ration            |       |       |     2 |       |       ||     2
Armor: Robe              |    16 |     3 |    11 |       |       ||    30
       Leather armour    |       |       |    73 |   194 |   226 ||   493
Dodge: Dodged            |    42 |    31 |   200 |   508 |   656 ||  1437
Block: Buckler           |       |       |       |   100 |    41 ||   141
       Rpst.: Long sword |       |       |       |    46 |    37 ||    83

Levels and vault maps discovered:
D:1:      dpeg_arrival_yet_another_circle, layout_basic,
          corexii_item_surrounded_by_moat
D:2:      minmay_evil_eye, layout_basic, nemelex_xobeh_ov_fountains_minmay,
          lemuel_another_geyser, uniq_jessica
D:3:      layout_basic, overflow_temple_1_default, led_xom_imps,
          minmay_fountain_box, uniq_terence
D:4:      layout_rooms, kennysheep_mini, zin_statuary,
          overflow_temple_1_default, first_ration, minmay_misc_feat_columns
D:5:      layout_basic, kennysheep_vampire_church, kennysheep_mini_moat,
          item_on_display_a, uniq_pikel, uniq_eustachio, uniq_grinder,
          uniq_edmund
D:6:      layout_loops_ring, nicolae_dithmenos_shadow_blocks,
          gammafunk_temple_overflow_elements, minmay_temple_entry_steel_oval,
          serial_shops, shop, uniq_sigmund, uniq_crazy_yiuf_cottage
D:7:      layout_basic, gammafunk_ghost_necromancy, the_bakery,
          grunt_ministairs_10
D:8:      layout_loops_ring, lair_entry_dummy
D:9:      layout_big_octagon, old_standard_altar, marbit_many_paths,
          hiddenorc2_lemuel, gammafunk_ghost_smash, ashenzari_altar_1,
          uniq_joseph
D:10:     layout_roguey, nicolae_twisting_strands
D:11:     layout_rooms
Temple:   dpeg_three_leaves_temple
Lair:1:   layout_gridlike, nicolae_quartered_pool_medium,
          minmay_lair_oklob_chamber, lemuel_fruit_tree,
          infiniplex_staircase_pool
Lair:2:   layout_regular_city, minmay_shoals_entry_lonely_mermaid,
          grunt_megastairs_4
Lair:3:   layout_cave_shapes, st_stairs_7, kennysheep_snail_temple,
          serial_bayou_shore_b
Lair:4:   mu_elephants_graveyard, layout_regular_city,
          nicolae_spider_entry_orb_guardian, serial_forest,
          infiniplex_forest_end_1, infiniplex_forest_straight_2,
          infiniplex_forest_straight_2, infiniplex_forest_corner_1,
          infiniplex_forest_straight_2, infiniplex_forest_clump_curved,
          chequers_serial_rivers_micro_a
Lair:5:   layout_misc_corridors, nicolae_slime_entry_slimehenge,
          grunt_megastairs_1, lemuel_fruit_fields
Lair:6:   evil_forest, layout_cave_pods, portal_ice_cave_entry_pillars_1,
          infiniplex_staircase_pool_2

Notes
Turn   | Place    | Note
-------+----------+-------------------------------------------
     0 | D:1      | sanka the Barachi Ice Elementalist began the quest for the
                  | Orb.
     0 | D:1      | Reached XP level 1. HP: 13/13 MP: 3/3
   226 | D:1      | Reached XP level 2. HP: 14/19 MP: 0/5
   252 | D:1      | Reached skill level 3 in Spellcasting
   718 | D:1      | Reached XP level 3. HP: 24/24 MP: 4/8
   828 | D:1      | Learned a level 3 spell: Frozen Ramparts
   832 | D:1      | Learned a level 3 spell: Ozocubu's Armour
  1378 | D:2      | Found a sparkling altar of Nemelex Xobeh.
  1387 | D:2      | Reached skill level 4 in Spellcasting
  1575 | D:4      | Found an ornate altar of the Wu Jian Council.
  1611 | D:4      | Reached skill level 5 in Ice Magic
  1621 | D:3      | Reached XP level 4. HP: 16/30 MP: 0/10
  1972 | D:2      | Noticed Jessica
  2129 | D:2      | Reached skill level 6 in Ice Magic
  2397 | D:2      | Noticed an ogre
  2413 | D:2      | Killed an ogre
  2413 | D:2      | Reached skill level 7 in Ice Magic
  2413 | D:2      | Reached XP level 5. HP: 35/35 MP: 5/11
  2455 | D:2      | Killed Jessica
  2518 | D:2      | Learned a level 4 spell: Summon Ice Beast
  2665 | D:3      | Reached XP level 6. HP: 41/41 MP: 4/12
  2703 | D:3      | Reached skill level 1 in Summonings
  2979 | D:4      | Reached skill level 2 in Summonings
  3188 | D:3      | Noticed Terence
  3195 | D:3      | Killed Terence
  3317 | D:3      | Reached skill level 8 in Ice Magic
  3319 | D:3      | Reached skill level 3 in Summonings
  3319 | D:3      | Reached XP level 7. HP: 31/46 MP: 5/13
  3455 | D:3      | Found a shimmering altar of Xom.
  3465 | D:3      | Reached skill level 9 in Ice Magic
  3561 | D:3      | Found a sacrificial altar of Ru.
  4637 | D:4      | Reached skill level 10 in Ice Magic
  4764 | D:4      | Found a glowing silver altar of Zin.
  4787 | D:4      | Found a hide-covered altar of Uskayaw.
  4846 | D:5      | Entered Level 5 of the Dungeon
  4846 | D:5      | Noticed Grinder
  4886 | D:5      | Reached skill level 1 in Fighting
  4886 | D:5      | Reached XP level 8. HP: 54/54 MP: 2/14
  4888 | D:5      | Noticed Pikel
  5029 | D:5      | Killed Pikel
  5029 | D:5      | Reached skill level 3 in Fighting
  5029 | D:5      | Reached skill level 4 in Dodging
  5029 | D:5      | Reached skill level 4 in Summonings
  5168 | D:5      | Learned a level 4 spell: Hailstorm
  5188 | D:5      | Reached skill level 4 in Fighting
  5213 | D:5      | Got a scorched wooden ring
  5214 | D:5      | Identified the ring of Qamad {Fire rN+ Int+8 Slay-5} (You
                  | found it on level 5 of the Dungeon)
  5310 | D:5      | Noticed Edmund
  5320 | D:5      | Killed Edmund
  5320 | D:5      | Reached skill level 1 in Conjurations
  5320 | D:5      | Reached XP level 9. HP: 53/66 MP: 3/16
  5360 | D:5      | Reached skill level 5 in Dodging
  5559 | D:5      | Killed Grinder
  5559 | D:5      | Reached skill level 5 in Spellcasting
  5844 | D:5      | Noticed Eustachio
  5877 | D:5      | Killed Eustachio
  5877 | D:5      | Reached skill level 5 in Fighting
  6343 | D:5      | Found a hazy altar of Hepliaklqana.
  6553 | D:5      | Found an ancient bone altar of Kikubaaqudgha.
  6558 | D:5      | Reached skill level 2 in Conjurations
  6558 | D:5      | Reached skill level 5 in Summonings
  6880 | D:6      | Found Tuaf's Assorted Antiques.
  6887 | D:6      | Noticed Sigmund
  6898 | D:6      | Killed Sigmund
  6898 | D:6      | Reached skill level 6 in Fighting
  6898 | D:6      | Reached skill level 6 in Dodging
  6899 | D:6      | Found a shadowy altar of Dithmenos.
  7045 | D:6      | Found a staircase to the Ecumenical Temple.
  7051 | D:6      | Reached skill level 3 in Conjurations
  7225 | Temple   | Entered the Ecumenical Temple
  7608 | D:6      | Found a radiant altar of Vehumet.
  7608 | D:6      | Found a glowing golden altar of the Shining One.
  7746 | D:6      | Became a worshipper of Vehumet
  7799 | D:7      | Reached skill level 7 in Fighting
  7811 | D:7      | Reached skill level 7 in Dodging
  8146 | D:7      | Reached XP level 10. HP: 79/79 MP: 10/17
  8387 | D:7      | Reached skill level 4 in Conjurations
  8439 | D:7      | Found a runed translucent gate.
  8439 | D:7      | Found a runed translucent gate.
  8439 | D:7      | Found a runed translucent gate.
  8443 | D:7      | Noticed MisterT's ghost (novice DrCj)
  8636 | D:7      | Reached skill level 8 in Fighting
  8765 | D:7      | Noticed an unseen horror
  8775 | D:7      | Killed an unseen horror
  8775 | D:7      | Reached skill level 8 in Dodging
  9094 | D:7      | Killed MisterT's ghost
  9165 | D:8      | Reached * piety under Vehumet
  9165 | D:8      | Offered knowledge of Sandblast by Vehumet.
  9167 | D:8      | Reached skill level 9 in Fighting
  9176 | D:8      | Reached skill level 5 in Conjurations
  9600 | D:8      | Reached skill level 9 in Dodging
  9683 | D:8      | Found a staircase to the Lair.
  9898 | D:8      | Noticed a two-headed ogre
  9904 | D:8      | Killed a two-headed ogre
  9904 | D:8      | Reached skill level 10 in Fighting
 10150 | D:9      | Found a shattered altar of Ashenzari.
 10155 | D:9      | Found a stormy altar of Qazlal.
 10193 | D:9      | Reached XP level 11. HP: 91/91 MP: 14/18
 10207 | D:9      | Offered knowledge of Shock by Vehumet.
 10208 | D:9      | Reached ** piety under Vehumet
 10210 | D:9      | Reached skill level 1 in Shields
 10265 | D:9      | Found a staircase to the Orcish Mines.
 10330 | D:9      | Reached skill level 10 in Dodging
 10388 | D:9      | Offered knowledge of Static Discharge by Vehumet.
 10605 | D:9      | Reached skill level 2 in Shields
 10645 | D:9      | Reached *** piety under Vehumet
 10838 | D:9      | Found a bloodstained altar of Trog.
 10859 | D:9      | Noticed Joseph
 10878 | D:9      | Killed Joseph
 10878 | D:9      | Reached skill level 11 in Fighting
 11016 | D:9      | Found a transporter.
 11025 | D:9      | Found a transporter.
 11026 | D:9      | Noticed bmj180's ghost (novice DECj)
 11026 | D:9      | Noticed a two-headed ogre
 11027 | D:9      | Noticed a two-headed ogre
 11222 | D:9      | Killed a two-headed ogre
 11222 | D:9      | Reached skill level 3 in Shields
 11223 | D:9      | Killed bmj180's ghost
 11223 | D:9      | Offered knowledge of Fulminant Prism by Vehumet.
 11224 | D:9      | Killed a two-headed ogre
 11224 | D:9      | Reached skill level 11 in Dodging
 11331 | D:10     | Entered Level 10 of the Dungeon
 11419 | D:10     | Reached skill level 4 in Shields
 11429 | D:10     | Reached skill level 12 in Fighting
 11597 | D:10     | Identified the +8 long sword of Reinforcement {pain, +Inv
                  | MP-9 Dex+8 Stlth+}
 11632 | D:10     | Noticed a green ugly thing
 11638 | D:10     | Killed a green ugly thing
 11684 | D:10     | Reached **** piety under Vehumet
 11703 | D:10     | Identified the Reference Book on Fetching Summoning
 11810 | D:10     | Identified the Guide on Ashen Summoning
 11867 | D:10     | Offered knowledge of Inner Flame by Vehumet.
 12074 | D:11     | Noticed a cyan ugly thing
 12092 | D:11     | Killed a cyan ugly thing
 12092 | D:11     | Reached XP level 12. HP: 31/103 MP: 2/20
 12115 | D:11     | Reached skill level 12 in Dodging
 12489 | D:11     | Reached skill level 13 in Fighting
 12491 | D:11     | Reached skill level 6 in Spellcasting
 12945 | Lair:1   | Entered Level 1 of the Lair of Beasts
 13121 | Lair:1   | Reached ***** piety under Vehumet
 13138 | Lair:1   | Offered knowledge of Freezing Cloud by Vehumet.
 13146 | Lair:1   | Learned a level 6 spell: Freezing Cloud
 13795 | Lair:1   | Reached skill level 1 in Air Magic
 14258 | Lair:2   | Reached skill level 13 in Dodging
 14259 | Lair:2   | Reached skill level 14 in Fighting
 14267 | Lair:2   | Reached skill level 2 in Air Magic
 14267 | Lair:2   | Gained mutation: You can hop long distances. [Barachi
                  | growth]
 14267 | Lair:2   | Reached XP level 13. HP: 105/113 MP: 2/23
 14413 | Lair:2   | Reached skill level 7 in Spellcasting
 14567 | Lair:2   | Found a staircase to the Shoals.
 14758 | Lair:2   | Reached skill level 11 in Ice Magic
 15055 | Lair:3   | Reached skill level 3 in Air Magic
 15624 | Lair:3   | Found a snail-covered altar of Cheibriados.
 15674 | Lair:3   | Reached skill level 1 in Evocations
 15697 | Lair:3   | Reached skill level 4 in Air Magic
 16041 | Lair:3   | Reached skill level 12 in Ice Magic
 16041 | Lair:3   | Reached skill level 2 in Evocations
 16573 | Lair:4   | Reached skill level 1 in Staves
 16708 | Lair:4   | Reached skill level 8 in Spellcasting
 16851 | Lair:4   | Reached skill level 2 in Staves
 17102 | Lair:4   | Found a hole to the Spider Nest.
 17385 | Lair:4   | Reached skill level 5 in Air Magic
 17424 | Lair:4   | Reached skill level 3 in Evocations
 17506 | Lair:4   | Offered knowledge of Iskenderun's Mystic Blast by Vehumet.
 17544 | Lair:4   | Reached skill level 3 in Staves
 17795 | Lair:4   | Reached XP level 14. HP: 68/120 MP: 21/26
 18003 | Lair:4   | Noticed a dire elephant
 18028 | Lair:4   | Killed a dire elephant
 18028 | Lair:4   | Reached skill level 4 in Staves
 18435 | Lair:4   | Reached skill level 4 in Evocations
 18452 | Lair:4   | Reached skill level 13 in Ice Magic
 18828 | Lair:5   | Reached skill level 5 in Staves
 19342 | Lair:5   | Reached skill level 14 in Dodging
 19484 | Lair:5   | Found a staircase to the Slime Pits.
 19718 | Lair:6   | Entered Level 6 of the Lair of Beasts
 19736 | Lair:6   | Reached skill level 6 in Staves
 19742 | Lair:6   | Reached skill level 5 in Evocations
 19938 | Lair:6   | Reached skill level 9 in Spellcasting
 20158 | Lair:6   | Noticed a dire elephant
 20174 | Lair:6   | HP: 11/120 [dire elephant (30)]
 20193 | Lair:6   | Killed a dire elephant
 20209 | Lair:6   | Found a frozen archway.
 20215 | Lair:6   | Offered knowledge of Ozocubu's Refrigeration by Vehumet.
 20220 | Lair:6   | HP: 11/120 [six-headed hydra (11)]
 20220 | Lair:6   | Slain by a six-headed hydra

Vanquished Creatures
  A dire elephant (Lair:6)
  4 hydras
  3 two-headed ogres
  The ghost of bmj180 the Thaumaturge, a novice DECj of Vehumet (D:9)
  An unseen horror (D:7)
  The ghost of MisterT the Cleaver, a novice DrCj of Vehumet (D:7)
  Pikel (D:5)
  An orb spider (Lair:4)
  4 ugly things
  20 elephants
  6 black mambas
  Joseph (D:9)
  A centaur zombie (D:8)
  A merfolk siren (Lair:2)
  A gargoyle (D:11)
  16 spiny frogs
  3 torpor snails (Lair:3)
  7 komodo dragons
  A rime drake (Lair:5)
  3 trolls (D:11)
  18 blink frogs
  A dream sheep (Lair:6)
  8 hippogriffs
  Sigmund (D:6)
  2 spriggans
  62 yaks
  A wyvern (Lair:2)
  Eustachio (D:5)
  A hungry ghost (D:9)
  Edmund (D:5)
  2 soldier ants
  An acid dragon (D:11)
  8 water moccasins
  7 porcupines
  4 ice beasts
  3 orc warriors
  3 sky beasts
  A black bear (Lair:1)
  A slave (D:4)
  8 ogres
  A phantom (D:7)
  3 centaurs
  20 wolves
  14 crocodiles
  A big kobold (D:8)
  19 bullfrogs
  A gnoll sergeant (D:8)
  A wyvern zombie (D:6)
  A wyvern skeleton (D:6)
  13 wights
  2 vampire bats (D:5)
  11 howler monkeys
  8 crimson imps
  A quasit (D:7)
  2 bullfrog zombies
  3 jellies
  3 hounds
  9 orc priests
  12 orc wizards
  A centaur skeleton (D:6)
  Jessica (D:2)
  Terence (D:3)
  4 iguanas
  8 worker ants
  2 hound zombies (D:6)
  A howler monkey zombie (D:6)
  12 adders
  10 gnolls
  4 shadow imps
  5 oozes
  4 worms
  3 dart slugs (D:1)
  5 leopard geckos
  63 orcs
  A bat skeleton (D:5)
  3 bat zombies (D:5)
  A giant cockroach (D:1)
  9 goblins
  8 hobgoblins
  15 jackals
  4 quokkas
  A ball python (D:1)
  5 bats
  4 frilled lizards
  12 kobolds
  A leopard gecko skeleton (D:5)
  A leopard gecko zombie (D:8)
  A quokka skeleton (D:8)
  A quokka zombie (D:9)
  8 rats
535 creatures vanquished.

Vanquished Creatures (collateral kills)
  A dire elephant (Lair:4)
  3 hydras
  An oklob plant (Lair:1)
  Grinder (D:5)
  4 yaks
  2 ice beasts
  3 wolves
  A bullfrog (D:11)
  A spectral bullfrog (D:7)
  A worker ant zombie (D:7)
  3 gnolls (D:4)
  An adder zombie (D:7)
22 creatures vanquished.

Vanquished Creatures (others)
  A slave (D:5)
  4 wolves (Lair:5)
  A crimson imp (D:5)
  An orc priest (D:5)
  A hound (D:5)
  An orc wizard (D:5)
  An orc (D:5)
  A frilled lizard (D:2)
  69 fungi
  33 plants
113 creatures vanquished.

Grand Total: 670 creatures vanquished
